 Dungeon Crawl Stone Soup version 0.25-a0-478-g33c61bd (webtiles) character file.

Game seed: 1156362679686239579, levelgen mode: deterministic

6827 15 the Grappler (level 10, -6/83 HPs)
             Began as a Yellow Draconian Transmuter on Feb 8, 2020.
             Was a Priest of Qazlal.
             Mangled by Snorg (11 damage)
             ... on level 10 of the Dungeon on Feb 9, 2020.
             The game lasted 01:06:24 (9290 turns).

15 the Grappler (Yellow Draconian Transmuter)       Turns: 9290, Time: 01:06:25

Health: -6/83      AC: 11    Str: 20    XL:     10   Next: 77%
Magic:  19/19      EV: 20    Int: 15    God:    Qazlal [***...]
Gold:   156        SH:  4    Dex: 16    Spells: 1/21 levels left

rFire    + . .     SeeInvis .     - Unarmed
rCold    . . .     Gourm    .   (no shield)
rNeg     . . .     Faith    .   (armour unavailable)
rPois    +         Spirit   .   (helmet restricted)
rElec    .         Reflect  .   k - +0 cloak {rPois}
rCorr    +         Harm     .   (no gloves)
MR       .....                  h - +2 pair of boots
Stlth    ++........             G - amulet of regeneration
HPRegen  0.63/turn              f - +3 ring of slaying
MPRegen  0.16/turn              x - ring of protection from fire

@: mighty, agile, appendage (expiring), very slightly contaminated
A: spit acid, unfitting armour, horns 2, cold-blooded, acid resistance, AC +7
a: Breathe Acid, End Transformation, Upheaval, Elemental Force, Renounce
Religion


You were on level 10 of the Dungeon.
You worshipped Qazlal.
Qazlal was most pleased with you.
You were not hungry.
You had grown temporary horns.
You visited 2 branches of the dungeon, and saw 11 of its levels.

You collected 631 gold pieces.
You spent 475 gold pieces at shops.

Inventory:

Hand Weapons
 i - a +0 scythe
 u - a +0 dire flail of protection
 B - the +8 scimitar of Juav {drain, *Noise Dex+3 Stlth+}
   (You bought it in a shop on level 8 of the Dungeon)

   A truly terrible weapon, it drains the life of those it strikes.
   It affects your dexterity (+3).
   It may make noises in combat.
   It makes you more stealthy.
 O - a +3 scimitar of flaming
Missiles
 a - 193 arrows
 p - 56 bolts
Armour
 h - a +2 pair of boots (worn)
 k - a +0 cloak of poison resistance (worn)
 s - a +0 large shield
Magical Staves
 C - an uncursed staff of wizardry
 L - an uncursed staff of summoning
Jewellery
 f - a +3 ring of slaying (left hand)
 x - a ring of protection from fire (right hand)
 A - a +5 ring of evasion
 G - an amulet of regeneration (around neck)
 H - an uncursed ring of wizardry
Wands
 d - a wand of polymorph (14)
 v - a wand of paralysis (5)
 y - a wand of digging (5)
 D - a wand of random effects (26)
 R - a wand of iceblast (6)
Scrolls
 g - 3 scrolls of teleportation
 j - 2 scrolls of noise {unknown}
 l - 4 scrolls of magic mapping
 m - 3 scrolls of remove curse
 n - 2 scrolls of fog
 o - 3 scrolls of immolation {unknown}
 t - a scroll of amnesia
 I - a scroll of enchant armour {unknown}
 M - 2 scrolls of silence {unknown}
Potions
 b - 2 potions of ambrosia
 e - 5 potions of curing
 q - 3 potions of flight
 r - a potion of lignification
 w - 2 potions of heal wounds
 z - 2 potions of brilliance
 F - a potion of haste
 K - a potion of mutation {unknown}
 N - a potion of invisibility
Miscellaneous
 Q - a phantom mirror
Comestibles
 c - 21 rations
 J - 5 chunks of flesh


   Skills:
 * Level 5.9 Fighting
 * Level 5.3 Dodging
 * Level 3.8 Shields
 + Level 9.4 Unarmed Combat
 * Level 6.4 Spellcasting
 * Level 3.2 Conjurations
 - Level 5.1 Transmutations
 + Level 0.8 Fire Magic
 + Level 0.9 Ice Magic
 + Level 0.6 Poison Magic
 * Level 4.2 Invocations
 * Level 4.1 Evocations


You had one spell level left.
You knew the following spells:

 Your Spells              Type           Power        Failure   Level  Hunger
a - Beastly Appendage     Tmut           ###...       1%          1    None
b - Sticks to Snakes      Tmut           ###.....     2%          2    #......
c - Spider Form           Tmut/Pois      ##........   13%         3    ##.....
d - Ice Form              Ice/Tmut       ##......     38%         4    ####...
e - Foxfire               Conj/Fire      ##..         6%          1    None
f - Iskenderun's Mystic   Conj/Tloc      #.......     58%         4    ####...
g - Blade Hands           Tmut           ###.......   43%         5    ######.

Your spell library contained the following spells:

 Spells                   Type           Power        Failure   Level  Hunger
 Magic Dart               Conj           ##..         3%          1    None
 Searing Ray              Conj           ##....       6%          2    #......
 Conjure Flame            Conj/Fire      ##......     19%         3    ##.....
 Dazzling Flash           Conj/Hex       #.....       22%         3    ##.....
 Inner Flame              Hex/Fire       #.......     34%         3    ##.....
 Sticky Flame             Conj/Fire      ##......     52%         4    ####...
 Fulminant Prism          Conj/Hex       #.........   58%         4    ####...
 Fireball                 Conj/Fire      ##........   86%         5    ######.


Dungeon Overview and Level Annotations

Branches:
Dungeon (10/15)            Temple (1/1) D:6            Lair (0/6) D:10
    Orc (0/2) D:9

Altars:
Ashenzari
Cheibriados
Dithmenos
Elyvilon
Fedhas
Gozag
Hepliaklqana
Kikubaaqudgha
Makhleb
Nemelex Xobeh
Okawaru
Qazlal
Ru
Sif Muna
Trog
Uskayaw
Vehumet
Wu Jian
Xom
Yredelemnul
Zin
The Shining One

Shops:
D:8 (*

Annotations:
D:10 Snorg


Innate Abilities, Weirdness & Mutations

You can spit globs of acid.
Your golden yellow scales are hard. (AC +7)
You cannot fit into any form of body armour.
You are cold-blooded and may be slowed by cold attacks.
You are resistant to acid. (rCorr)
You have a pair of horns on your head.


Message History

Snorg is lightly wounded.
Snorg completely misses you. Snorg barely misses you. x2
You punch Snorg! You headbutt Snorg! You tail-slap Snorg.
Snorg is moderately wounded.
Snorg bites you!! Snorg claws you.
* * * LOW HITPOINT WARNING * * *
Snorg closely misses you.
You catch the helpless Snorg completely off-guard!
You pummel Snorg!!
Snorg is heavily wounded.
Snorg closely misses you. x2; Snorg claws you!!
* * * LOW HITPOINT WARNING * * *
You punch Snorg!
Snorg is severely wounded.
Snorg completely misses you. Snorg closely misses you. x2
You pummel Snorg!! Your headbutt misses Snorg. You tail-slap Snorg!
Snorg is almost dead.
You flicker back into view.
Snorg closely misses you. You block Snorg's attack. Snorg claws you!
You die...

*,,,,,,,,*,*,*,#.#
*,,*****,*,#.#,#.#
*,,* *,*,#.#,#.#
*,,* *,#,#.#,#.#
*,,* *,#.#.#.#.#
*,,* *,#.#.#.#.#
*,,* *,*.....#.#
***,,#########.###.#
*,,,,#......@T...#.#
***,*#.#######.#.#.#
****,**......#.#.#
*,,,,*####....#
****** ####.# ###


You could see Snorg (berserk).

Vanquished Creatures
  Erica (D:10)
  Grinder (D:4)
  Sigmund (D:3)
  A spriggan (D:7)
  A basilisk (D:6)
  A vampire (D:9)
  A human (D:9)
  A warg (D:10)
  Edmund (D:5)
  Duvessa (D:5)
  A sky beast (D:8)
  2 ice beasts
  7 orc warriors
  A phantom (D:7)
  A black bear (D:8)
  5 ogres
  5 centaurs
  2 big kobolds
  A bullfrog (D:8)
  4 gnoll sergeants (D:8)
  Dowan (D:5)
  A scorpion (D:9)
  7 wights
  2 howler monkeys
  3 electric eels (D:8)
  3 crimson imps
  2 bullfrog zombies
  3 jellies
  15 hounds
  6 orc wizards
  5 orc priests
  2 gnoll shamans (D:8)
  2 bullfrog skeletons
  3 iguanas
  7 worker ants
  A killer bee zombie (D:8)
  2 hound zombies
  3 hound skeletons
  A howler monkey zombie (D:6)
  A worker ant zombie (D:8)
  Robin (D:3)
  A howler monkey skeleton (D:8)
  8 adders
  24 gnolls (D:8)
  A shadow imp (D:5)
  3 oozes
  2 worms (D:3)
  A dart slug (D:5)
  2 leopard geckos
  35 orcs
  3 ball pythons
  2 giant cockroaches
  13 goblins
  12 hobgoblins
  17 jackals
  16 kobolds
  3 quokkas
  10 bats
  9 frilled lizards
  A jackal zombie (D:6)
  3 leopard gecko zombies
  10 rats
  4 rat zombies (D:9)
  A foxfire (D:8)
291 creatures vanquished.

Vanquished Creatures (others)
  An adder (D:7)
  An orc (D:8)
  176 foxfires
178 creatures vanquished.

Grand Total: 469 creatures vanquished

Notes
Turn   | Place    | Note
-------+----------+-------------------------------------------
     0 | D:1      | 15 the Draconian Transmuter began the quest for the Orb.
     0 | D:1      | Reached XP level 1. HP: 16/16 MP: 3/3
   333 | D:1      | Reached XP level 2. HP: 17/23 MP: 3/5
   387 | D:1      | Learned a level 2 spell: Sticks to Snakes
   570 | D:1      | Reached XP level 3. HP: 22/28 MP: 4/6
  1334 | D:2      | Found a burning altar of Makhleb.
  1334 | D:2      | Found a blossoming altar of Fedhas.
  1422 | D:3      | Reached skill level 4 in Unarmed Combat
  1422 | D:3      | Reached XP level 4. HP: 34/35 MP: 5/7
  1465 | D:3      | Found a hide-covered altar of Uskayaw.
  1475 | D:3      | Noticed Sigmund
  1483 | D:3      | Killed Sigmund
  1483 | D:3      | Reached XP level 5. HP: 41/41 MP: 4/9
  1491 | D:3      | Noticed a centaur
  1492 | D:3      | Learned a level 3 spell: Spider Form
  1493 | D:3      | Killed a centaur
  1493 | D:3      | Reached XP level 6. HP: 48/48 MP: 5/10
  1538 | D:3      | Noticed Robin
  1549 | D:3      | Killed Robin
  1583 | D:3      | Learned a level 4 spell: Ice Form
  1647 | D:3      | Reached skill level 5 in Unarmed Combat
  1931 | D:3      | Found a bloodstained altar of Trog.
  2158 | D:4      | Noticed an ice beast
  2169 | D:4      | Killed an ice beast
  2208 | D:4      | Found a shimmering altar of Xom.
  2210 | D:4      | Found a shimmering altar of Xom.
  2452 | D:4      | Your scales start taking on a golden yellow colour.
  2452 | D:4      | Reached XP level 7. HP: 54/56 MP: 12/12
  2452 | D:4      | Gained mutation: You are resistant to acid. (rCorr) [Yellow
                  | Draconian growth]
  3196 | D:5      | Entered Level 5 of the Dungeon
  3315 | D:5      | Reached skill level 6 in Unarmed Combat
  3320 | D:5      | Noticed Grinder
  3650 | D:4      | Killed Grinder
  3758 | D:5      | Noticed Duvessa
  3759 | D:5      | Noticed Dowan
  3769 | D:5      | Killed Duvessa
  3769 | D:5      | Reached XP level 8. HP: 57/63 MP: 11/14
  3770 | D:5      | Killed Dowan
  3770 | D:5      | Reached skill level 7 in Unarmed Combat
  3916 | D:5      | Learned a level 1 spell: Foxfire
  3959 | D:5      | Found a snail-covered altar of Cheibriados.
  3975 | D:5      | Noticed Edmund
  4001 | D:5      | Killed Edmund
  4140 | D:5      | Found a stormy altar of Qazlal.
  4156 | D:5      | Became a worshipper of Qazlal Stormbringer
  4241 | D:6      | Reached skill level 1 in Shields
  4241 | D:6      | Reached skill level 1 in Evocations
  4423 | D:6      | Reached skill level 1 in Invocations
  4577 | D:6      | Found a burning altar of Makhleb.
  4613 | D:6      | Learned a level 4 spell: Iskenderun's Mystic Blast
  4719 | D:6      | Found a staircase to the Ecumenical Temple.
  4728 | Temple   | Entered the Ecumenical Temple
  5452 | D:7      | Reached skill level 1 in Conjurations
  5494 | D:7      | Reached XP level 9. HP: 56/71 MP: 13/16
  5798 | D:7      | Reached skill level 8 in Unarmed Combat
  6400 | D:7      | Reached skill level 5 in Spellcasting
  6770 | D:8      | Found Vioffohu's Antique Weapon Shop.
  6774 | D:8      | Bought a warped scimitar for 180 gold pieces
  6774 | D:8      | Identified the +8 scimitar of Juav {drain, *Noise Dex+3
                  | Stlth+} (You bought it in a shop on level 8 of the Dungeon)
  6829 | D:8      | Reached * piety under Qazlal
  6859 | D:8      | Reached skill level 5 in Transmutations
  7100 | D:8      | Reached XP level 10. HP: 78/80 MP: 5/18
  7220 | D:8      | Reached skill level 5 in Fighting
  7732 | D:8      | Reached ** piety under Qazlal
  8019 | D:8      | Found Zatt's Assorted Antiques.
  8025 | D:8      | Bought a scroll of identify for 50 gold pieces
  8025 | D:8      | Bought a scroll of identify for 50 gold pieces
  8025 | D:8      | Bought a scroll of teleportation for 75 gold pieces
  8025 | D:8      | Bought a potion of curing for 75 gold pieces
  8025 | D:8      | Bought 2 coppery potions for 45 gold pieces
  8094 | D:9      | Learned a level 5 spell: Blade Hands
  8108 | D:9      | Found a sacrificial altar of Ru.
  8274 | D:9      | Reached skill level 9 in Unarmed Combat
  8728 | D:9      | Reached *** piety under Qazlal
  8738 | D:9      | Found an ancient bone altar of Kikubaaqudgha.
  8856 | D:9      | Found a staircase to the Orcish Mines.
  9136 | D:10     | Entered Level 10 of the Dungeon
  9136 | D:10     | Noticed Erica
  9146 | D:10     | Killed Erica
  9146 | D:10     | Reached skill level 5 in Dodging
  9222 | D:10     | Noticed Snorg
  9288 | D:10     | HP: 4/83 [Snorg (19)]
  9290 | D:10     | Mangled by Snorg

Levels and vault maps discovered:
D:1:      lightli_arrival_chessboard, layout_loops_ring,
          minmay_misc_feat_diagonals
D:2:      layout_rooms, gammafunk_temple_overflow_elements, first_ration
D:3:      layout_basic, lemuel_doored_altar, bloody_trog, uniq_robin,
          uniq_sigmund
D:4:      layout_layer_cave, xom_redecorated
D:5:      layout_gridville, kennysheep_slug_shrine, basic_altar,
          minmay_fractal_squares_diagonal_5, uniq_edmund, uniq_duvessa,
          uniq_grinder
D:6:      kennysheep_big_flooded_room, layout_basic,
          minmay_temple_entry_antechambers, bloody_makhleb
D:7:      layout_cave_pods, the_bakery, mrwooster_statue_mirror
D:8:      hangedman_cross_stitches, layout_cave_pools, serial_shops,
          nicolae_shop_trees, serial_gnoll_camp, gnoll_camp_mini_hut,
          gnoll_camp_mini_shop, gnoll_camp_mini_basic, gnoll_camp_mini_house,
          gnoll_camp_mini_doghouse, gnoll_camp_huts_moat
D:9:      layout_basic, overflow_temple_1_default,
          lemuel_zombie_altar_kikubaaqudgha, erik_orc_4
D:10:     cheibrodos_helix_gallery, layout_basic, erik_lair_orcish_takeover,
          enter_bailey_1, uniq_erica, uniq_fannar, uniq_snorg
Temple:   nicolae_temple_elliptical

Skill      XL: |  1  2  3  4  5  6  7  8  9 10 |
---------------+-------------------------------+-----
Dodging        | 2 3 4 5 |  5.3
Unarmed Combat | 4 5 6 7 8 9 |  9.4
Fighting       | 2 3 4 5 |  5.9
Spellcasting   | 3 4 5 6 |  6.4
Transmutations | 3 4 5 |  5.1
Shields        | 1 3 |  3.8
Evocations     | 1 3 4 |  4.1
Invocations    | 1 3 4 |  4.2
Conjurations   | 1 2 3 |  3.2
Fire Magic     | |  0.8
Ice Magic      | |  0.9
Poison Magic   | |  0.6

Action                   |  1- 3 |  4- 6 |  7- 9 | 10-12 || total
-------------------------+-------+-------+-------+-------++-------
Melee: Unarmed           |   139 |   122 |   356 |   197 ||   814
       Tailslap          |    10 |    13 |    24 |     9 ||    56
       Headbutt          |     8 |     8 |    15 |    11 ||    42
       Kick              |     2 |       |       |       ||     2
       Punch             |       |       |     2 |     4 ||     6
 Cast: Beastly Appendage |    28 |    12 |    29 |     9 ||    78
       Sticks to Snakes  |       |     2 |     2 |       ||     4
       Spider Form       |       |       |     5 |     1 ||     6
       Ice Form          |       |       |    12 |     5 ||    17
       Foxfire           |       |       |    32 |    64 ||    96
       Blade Hands       |       |       |       |     2 ||     2
       Iskenderun's Myst |       |       |       |     1 ||     1
 Abil: Breathe Acid      |       |       |     3 |     1 ||     4
Evoke: Wand              |       |       |    11 |     3 ||    14
  Use: Potion            |     1 |     5 |     3 |     3 ||    12
       Scroll            |     4 |     4 |     5 |     5 ||    18
 Stab: Sleeping          |     2 |     1 |       |       ||     3
       Distracted        |       |     1 |     1 |       ||     2
       Paralysed         |       |       |     3 |     1 ||     4
       Invisible         |       |       |       |     3 ||     3
  Eat: Chunk             |     2 |     4 |    12 |     9 ||    27
       Ration            |       |       |     2 |       ||     2
Armor: Skin              |    53 |    37 |   120 |    46 ||   256
Dodge: Dodged            |   102 |    76 |   244 |   140 ||   562
Block: Large shield      |       |       |    13 |       ||    13
       Other             |       |       |     3 |    17 ||    20

Table legend:
 A = Non-vault XP
 B = Vault XP
 C = Vault XP percentage of total XP
 D = Non-vault monster count
 E = Vault monster count
 F = Vault count percentage of total count
                 A         B        C        D         E       F
            +---------+---------+-------+---------+---------+-------
      Total |    4762 |    4991 |  51.2 |     191 |      99 |  34.1
            +---------+---------+-------+---------+---------+-------
        D:1 |      62 |       0 |   0.0 |      35 |       0 |   0.0
        D:2 |      34 |       0 |   0.0 |      13 |       0 |   0.0
        D:3 |     215 |     251 |  53.9 |      32 |      11 |  25.6
        D:4 |     234 |     290 |  55.3 |       9 |       1 |  10.0
        D:5 |     355 |     419 |  54.1 |      13 |       7 |  35.0
        D:6 |     441 |     241 |  35.3 |      11 |       2 |  15.4
        D:7 |     720 |     253 |  26.0 |      15 |       2 |  11.8
        D:8 |    1393 |    1661 |  54.4 |      32 |      53 |  62.4
        D:9 |    1256 |     650 |  34.1 |      29 |      18 |  38.3
       D:10 |      52 |    1226 |  95.9 |       2 |       5 |  71.4
            +---------+---------+-------+---------+---------+-------
